 Dungeon Crawl Stone Soup version 0.32-a0-933-ga8fa363 (webtiles) character file.

Game seed: 16844240422195151727

2236 tmdwp1119 the Cleaver (level 9, -3/78 HPs)
             Began as a Minotaur Fighter on Apr 14, 2024.
             Was a Believer of Okawaru.
             Slain by a gnoll sergeant
             ... wielding a +5 vampiric trident
              (14 damage)
             ... on level 8 of the Dungeon.
             The game lasted 00:09:20 (6955 turns).

tmdwp1119 the Cleaver (Minotaur Fighter)            Turns: 6955, Time: 00:09:20

Health: -3/78      AC: 10    Str: 25    XL:     9   Next: 14%
Magic:  10/10      EV:  9    Int:  5    God:    Okawaru [**....]
Gold:   361        SH:  5    Dex: 10    Spells: 8/8 levels left

rFire   . . .        a - +1 war axe
rCold   . . .        c - +0 buckler
rNeg    . . .        b - +0 scale mail
rPois   +            (helmet restricted)
rElec   .            p - +0 cloak
rCorr   .            (no gloves)
SInv    .            l - +0 pair of boots
Will    +....        o - amulet of faith Stlth
                     v - ring of poison resistance
HPRegen 0.33/turn    i - ring of willpower
MPRegen 0.12/turn

%: faith
@: no status effects
A: horns 2, retaliatory headbutt
a: Renounce Religion, Heroism


You were on level 8 of the Dungeon.
You worshipped Okawaru.
Okawaru was pleased with you.
You visited 2 branches of the dungeon, and saw 9 of its levels.

You collected 361 gold pieces.

Inventory:

Hand Weapons
 a - a +1 war axe (weapon)
Armour
 b - a +0 scale mail (worn)
 c - a +0 buckler (worn)
 l - a +0 pair of boots (worn)
 p - a +0 cloak (worn)
Jewellery
 h - an amulet of reflection
 i - a ring of willpower (right hand)
 k - a ring of resist corrosion
 o - an amulet of faith (around neck)
 v - a ring of poison resistance (left hand)
 z - an amulet of the acrobat
Wands
 A - a wand of warping (9)
Scrolls
 f - 3 scrolls of teleportation
 s - 2 scrolls of revelation
 t - 2 scrolls of blinking
 u - a scroll of fear
 w - a scroll of identify
 x - a scroll of enchant armour {unknown}
 y - 2 scrolls of enchant weapon
Potions
 d - a potion of might
 e - 8 potions of curing
 g - 2 potions of cancellation
 j - a potion of resistance
 m - 2 potions of mutation
 n - 5 potions of haste {unknown}
 q - 3 potions of brilliance {unknown}
 r - a potion of enlightenment {unknown}


   Skills:
 + Level 6.6 Fighting
 + Level 9.0 Axes
 + Level 7.4 Armour
 - Level 2.0 Dodging
 - Level 0.5 Stealth
 + Level 6.8 Shields
 * Level 3.7 Invocations


You had 8 spell levels left.
You didn't know any spells.
Your spell library contained the following spells:

 Spells                   Type           Power      Damage    Failure   Level
 Inner Flame              Hex/Fire       0%         N/A       99%         3
 Irradiate                Conj/Alch      0%         3d11      100%        5
 Ignition                 Fire           0%         3d3       100%        8


Dungeon Overview and Level Annotations

Branches:
Dungeon (8/15)             Temple (1/1) D:7
   Lair: D:8-11

Altars:
Ashenzari
Dithmenos
Elyvilon
Gozag
Hepliaklqana
Kikubaaqudgha
Makhleb
Nemelex Xobeh
Okawaru
Sif Muna
Trog
Uskayaw
Vehumet
Wu Jian
Xom
Yredelemnul
Zin
The Shining One

Shops:
D:3 [


Innate Abilities, Weirdness & Mutations

You have a pair of horns on your head.
You reflexively headbutt those who attack you in melee.


Message History

The orc warrior is moderately wounded.
You hit the orc priest.
The gnoll sergeant hits you but does no damage.
The orc priest barely misses you.
The orc warrior hits you with a +0 scimitar.
Unknown command.
You hit the orc warrior but do no damage.
Your headbutt misses the orc warrior.
The orc warrior is moderately wounded.
You closely miss the orc priest.
The gnoll sergeant hits you from afar with a +5 vampiric trident!
The orc priest calls upon Beogh to heal the orc warrior.
The orc warrior is healed somewhat.
The orc warrior hits you but does no damage.
You slash the orc priest!
You kill the orc priest!
Okawaru accepts your kill.
You slash the orc warrior! The gnoll sergeant barely misses you.
The orc warrior closely misses you. You furiously retaliate!
You headbutt the orc warrior, but do no damage.
Your Axes skill increases to level 9!
You hit the orc warrior. You headbutt the orc warrior.
The orc warrior is severely wounded.
The gnoll sergeant closely misses you.
The orc warrior hits you with a +0 scimitar.
The gnoll sergeant hits you from afar with a +5 vampiric trident!
* * * LOW HITPOINT WARNING * * *
Unknown command.
The orc warrior hits you with a +0 scimitar.
* * * LOW HITPOINT WARNING * * *
The gnoll sergeant hits you with a +5 vampiric trident.
* * * LOW HITPOINT WARNING * * *
Things that are here:
a +0 club; an orc corpse Unknown command.
The gnoll sergeant blocks your attack. x2; You hit the orc warrior.
The orc warrior hits you with a +0 scimitar.
* * * LOW HITPOINT WARNING * * *
The gnoll sergeant hits you with a +5 vampiric trident!
You die...

#.
#.#######
#.......
#......#
#.....<#
#......#
#[..g..#
#..o@..#
#....<.#
####..##
##.# ...
....
##.###
#.# #.#


You could see an orc warrior and a gnoll sergeant.

Vanquished Creatures
  3 water moccasins
  An acid dragon (D:7)
  A sky beast (D:7)
  A black bear (D:6)
  An orc warrior (D:7)
  3 ice beasts (D:6)
  2 ogres
  A centaur (D:7)
  A kobold brigand (D:7)
  A scorpion (D:5)
  2 bombardier beetles
  2 jellies
  3 orc priests
  2 gnoll boudas (D:4)
  4 hounds
  A sleepcap (D:6)
  Natasha (thrice) (D:4)
  2 iguanas
  2 orc wizards (D:7)
  5 adders
  15 gnolls
  2 white imps
  2 ufetubi (D:6)
  3 ribbon worms
  6 orcs
  7 ball pythons
  7 endoplasms
  3 giant cockroaches
  7 goblins
  3 hobgoblins
  6 jackals
  5 quokkas
  2 bats
  6 frilled lizards
  12 kobolds
  5 rats
132 creatures vanquished.

Notes
Turn   | Place    | Note
-------+----------+-------------------------------------------
     0 | D:1      | tmdwp1119 the Minotaur Fighter began the quest for the Orb.
     0 | D:1      | Reached XP level 1. HP: 19/19 MP: 0/0
   360 | D:1      | Reached XP level 2. HP: 27/27 MP: 1/1
  1108 | D:2      | Reached XP level 3. HP: 34/34 MP: 2/2
  1365 | D:2      | Reached skill level 3 in Axes
  1456 | D:2      | Found a faded altar of an unknown god.
  1624 | D:3      | Found Xitaunui's Antique Armour Shop.
  2545 | D:3      | Reached XP level 4. HP: 40/41 MP: 3/3
  2553 | D:3      | Reached skill level 1 in Dodging
  2729 | D:4      | Reached XP level 5. HP: 14/47 MP: 4/4
  2869 | D:4      | Reached skill level 5 in Armour
  2907 | D:3      | Reached skill level 5 in Shields
  3270 | D:4      | Noticed Natasha
  3278 | D:4      | Killed Natasha
  3279 | D:4      | Reached skill level 4 in Axes
  3279 | D:4      | Reached XP level 6. HP: 49/53 MP: 5/5
  3304 | D:4      | Noticed Natasha
  3308 | D:4      | Killed Natasha
  3346 | D:4      | Noticed Natasha
  3355 | D:4      | Killed Natasha
  3701 | D:4      | Found a hazy altar of Hepliaklqana.
  3749 | D:5      | Entered Level 5 of the Dungeon
  3758 | D:5      | Reached skill level 5 in Fighting
  3760 | D:5      | Reached skill level 5 in Axes
  3760 | D:5      | Reached XP level 7. HP: 61/61 MP: 6/6
  4117 | D:5      | Found an iron altar of Okawaru.
  4123 | D:5      | Found a glowing silver altar of Zin.
  4135 | D:5      | Became a worshipper of Warmaster Okawaru
  4156 | D:5      | Found a burning altar of Makhleb.
  4247 | D:6      | Reached skill level 6 in Axes
  4296 | D:6      | Reached skill level 1 in Invocations
  4616 | D:6      | Reached XP level 8. HP: 56/70 MP: 6/8
  4912 | D:6      | Reached skill level 7 in Axes
  4941 | D:6      | Reached * piety under Okawaru
  5299 | D:7      | Reached skill level 8 in Axes
  5436 | D:7      | Found a staircase to the Ecumenical Temple.
  5792 | D:7      | Reached ** piety under Okawaru
  5896 | D:7      | Identified the +2 falchion of Resourcefulness {heavy, rN+
                  | Will+}
  5982 | D:6      | Reached XP level 9. HP: 30/78 MP: 10/10
  6843 | Temple   | Entered the Ecumenical Temple
  6953 | D:8      | Reached skill level 9 in Axes
  6955 | D:8      | Slain by a gnoll sergeant

Illustrated notes

Levels and vault maps discovered:
D:1:      lemuel_arrival_funnel, layout_basic, serial_rivers,
          chequers_serial_rivers_micro_e, chequers_serial_rivers_micro_e,
          chequers_serial_rivers_room_b, chequers_serial_rivers_micro_e,
          serial_park_tiny_1, kennysheep_another_room, grunt_decor_cap
D:2:      layout_rooms, dreamdust_ecumenical_altar_statues,
          chequers_serial_rivers_room_a, chequers_serial_rivers_small_3
D:3:      layout_basic, serial_shops, shop
D:4:      wander_river, layout_cave_pools, nicolae_hepliaklqana_hippocampus,
          uniq_natasha
D:5:      layout_rooms, minmay_overflow_temple_star_quad
D:6:      layout_basic
D:7:      layout_layer_cave, minmay_temple_entry_statues_pillars,
          minmay_crystal_room
D:8:      layout_rooms, kennysheep_slug_shrine, nicolae_ru_the_path_less_chosen
Temple:   compressed_dpeg_circular_temple

Skill      XL: |  1  2  3  4  5  6  7  8  9 |
---------------+----------------------------+-----
Shields        | 4 5 6 |  6.8
Fighting       | 4 5 6 |  6.6
Armour         | 4 5 6 7 |  7.4
Axes           | 3 4 5 6 8 9 |  9.0
Dodging        | 1 2 |  2.0
Invocations    | 1 3 |  3.7
Stealth        | |  0.5

Action                     |  1- 3 |  4- 6 |  7- 9 || total
---------------------------+-------+-------+-------++-------
  Melee: War axe           |    98 |    84 |   164 ||   346
         Headbutt          |     8 |    15 |    25 ||    48
    Use: Scroll            |     6 |     2 |     3 ||    11
         Potion            |     1 |       |       ||     1
 Armour: Scale mail        |    54 |    79 |   169 ||   302
  Dodge: Dodged            |    36 |    56 |    89 ||   181
  Block: Buckler           |    34 |    82 |    58 ||   174
         Reflection        |     3 |       |     1 ||     4

Table legend: (Time is in decaauts)
 A = Elapsed time spent in this place.
 B = Non-inter-level travel time spent in this place.
 C = Inter-level travel time spent in this place.
 D = Time resting spent in this place.
 E = Time spent auto-exploring this place.
 F = Levels seen in this place.
 G = Mean time per level.
                   A        B        C        D        E       F      G
               +--------+--------+--------+--------+--------+-----+--------+
         Total |   7081 |   6845 |    236 |   1156 |   4691 |   9 |  786.8 |
       Dungeon |   7079 |   6843 |    236 |   1156 |   4691 |   8 |  884.9 |
        Temple |      1 |      1 |      0 |      0 |      0 |   1 |    1.0 |
               +--------+--------+--------+--------+--------+-----+--------+

Top non-repeatable levels by time:
     D:7: 1540 daAuts
     D:3: 1298 daAuts
     D:6: 1189 daAuts
     D:1: 1117 daAuts
     D:4: 880 daAuts
     D:2: 543 daAuts
     D:5: 491 daAuts
     D:8: 16 daAuts
  Temple: 1 daAuts
